 Dungeon Sprint DCSS version 0.26-a0-682-g294304f6e8 (webtiles) character file.

Game seed: 11847505791918419287

6923 mhtbhm the Fencer (level 10, -9/101 HPs)
             Began as a Minotaur Fighter on Oct 20, 2020.
             Was a High Priest of Okawaru.
             Mangled by an ettin
             ... wielding a +0 dire flail
              (18 damage)
             ... in the Dungeon (Sprint IX: "|||||||||||||||||||||||||||||").
             The game lasted 00:01:58 (1613 turns).

mhtbhm the Fencer (Minotaur Fighter)                Turns: 1613, Time: 00:01:59

Health: -9/101     AC: 16    Str: 23    XL:     10   Next: 80%
Magic:  9/9        EV: 14    Int:  5    God:    Okawaru [*****.]
Gold:   8          SH: 14    Dex: 14    Spells: 9/9 levels left

rFire    + . .     SeeInvis .   a - +2 scimitar (flame)
rCold    + . .     Faith    .   c - +0 kite shield
rNeg     . . .     Spirit   .   b - +1 scale mail
rPois    +         Reflect  .   (helmet unavailable)
rElec    .         Harm     .   u - scarf {rC+ rF+}
rCorr    .         Rampage  .   v - +0 pair of gloves
MR       .....     NoTele   +   q - +0 pair of boots
Stlth    ..........             (no amulet)
HPRegen  0.26/turn              o - +2 ring of protection
MPRegen  0.11/turn              p - +3 ring of dexterity

@: no status effects
A: retaliatory headbutt, horns 3, poison resistance
a: Heroism, Finesse, Renounce Religion


You were in the Dungeon.
You worshipped Okawaru.
Okawaru was extremely pleased with you.
You visited 1 branch You collected 8 gold pieces.

Inventory:

Hand Weapons
 a - a +2 scimitar of flaming (weapon)
Armour
 b - a +1 scale mail (worn)
 c - a +0 kite shield (worn)
 q - a +0 pair of boots (worn)
 u - a scarf of resistance (worn)
 v - a +0 pair of gloves (worn)
Jewellery
 o - a +2 ring of protection (left hand)
 p - a +3 ring of dexterity (right hand)
Wands
 n - a wand of iceblast (10)
Scrolls
 j - 2 scrolls of blinking
 l - 6 scrolls of remove curse
 m - 3 scrolls of amnesia
 r - a scroll of fog
 t - 2 scrolls of enchant weapon
Potions
 d - a potion of might
 e - 6 potions of curing
 f - 4 potions of heal wounds
 g - a potion of haste
 h - 4 potions of magic
 i - 2 potions of brilliance
 k - a potion of invisibility
Miscellaneous
 s - a tin of tremorstones (3/3)


   Skills:
 + Level 13.2 Fighting
 + Level 17.1 Long Blades
 + Level 14.5 Armour
 + Level 7.7 Dodging
 + Level 13.9 Shields
 + Level 1.9 Evocations


You had 9 spell levels left.
You didn't know any spells.
Your spell library was empty.

Dungeon Overview and Level Annotations

Branches:
Dungeon (1/1)

Altars:
Cheibriados
Dithmenos
Elyvilon
Fedhas
Gozag
Hepliaklqana
Kikubaaqudgha
Makhleb
Nemelex Xobeh
Okawaru
Qazlal
Ru
Sif Muna
Trog
Uskayaw
Vehumet
Wu Jian
Xom
Yredelemnul
Zin
The Shining One
Beogh
Jiyva
Lugonu


Innate Abilities, Weirdness & Mutations

You reflexively headbutt those who attack you in melee.
You have a pair of large horns on your head.
Your system is resistant to poisons. (rPois)


Message History

The ettin is moderately wounded.
An orc priest comes into view. It is wielding a +0 dagger.
The orc priest shouts!
You hit the ettin. You burn the ettin. Your headbutt misses the ettin.
The ettin is moderately wounded.
The ettin closely misses you.
You riposte.
You hit the ettin but do no damage.
The ettin is moderately wounded.
You block the ettin's attack.
The orc wizard mumbles some strange words.
The orc wizard flickers and vanishes!
Deactivating autopickup; reactivate with Ctrl-A.
You hit the ettin but do no damage.
The ettin is moderately wounded.
The orc priest invokes the aid of Beogh against you.
Beogh smites you!
The orc priest miscasts a cantrip.
The ettin hits you with a +0 dire flail!!
* * * LOW HITPOINT WARNING * * *
The ettin hits you with a +0 dire flail!!
You die...

▓▓▓▓▓▓▓▓▓▓▓▓▓▓▓▓▓▓▓▓▓▓▓
ooooo{C@'.............▓
▓▓▓▓▓▓▓▓▓▓▓▓▓▓▓▓▓▓▓▓▓▓▓▓▓▓▓▓▓▓.▓
...............................▓
▓▓▓▓▓▓▓▓▓▓▓▓▓▓▓▓▓▓▓▓▓▓▓▓▓▓▓▓▓▓▓▓
.......÷÷÷.....(.(.....'.......▓
▓▓▓▓▓▓▓▓▓▓▓▓▓▓▓▓▓▓▓▓▓▓▓▓▓▓▓▓▓▓.▓
...............................▓
▓▓▓▓▓▓▓▓▓▓▓▓▓▓▓▓▓▓▓▓▓▓▓▓▓▓▓▓▓▓▓▓
______________'..†.†'.....)...<▓


You could see an ettin, 3 orc priests and 2 orcs.

Vanquished Creatures
  Josephine (D)
  A hydra (D)
  4 cane toads (D)
  A rime drake (D)
  A troll (D)
  A dream sheep (D)
  A shadow (D)
  A wyvern (D)
  Eustachio (D)
  5 wraiths (D)
  A yak (D)
  A basilisk (D)
  4 wargs (D)
  An acid dragon (D)
  2 orc warriors (D)
  3 water moccasins (D)
  A sky beast (D)
  4 wolves (D)
  2 centaurs (D)
  5 bullfrogs (D)
  A scorpion (D)
  A hound (D)
  A quasit (D)
  An iguana (D)
  An orc wizard (D)
  2 white imps (D)
  A worm (D)
  2 orcs (D)
  A bat skeleton (D)
  3 goblins (D)
  A hobgoblin (D)
  A bat (D)
57 creatures vanquished.

Notes
Turn   | Place    | Note
-------+----------+-------------------------------------------
     0 | D        | mhtbhm the Minotaur Fighter began the quest for the Orb.
     0 | D        | Reached XP level 1. HP: 19/19 MP: 0/0
   123 | D        | Noticed an iguana
   130 | D        | Reached skill level 3 in Long Blades
   130 | D        | Reached XP level 2. HP: 28/28 MP: 1/1
   136 | D        | Reached skill level 5 in Fighting
   136 | D        | Reached skill level 5 in Armour
   136 | D        | Reached skill level 5 in Shields
   136 | D        | Reached XP level 3. HP: 24/36 MP: 2/2
   144 | D        | Reached skill level 4 in Long Blades
   153 | D        | Found a roughly hewn altar of Beogh.
   153 | D        | Found a snail-covered altar of Cheibriados.
   153 | D        | Found a shadowy altar of Dithmenos.
   153 | D        | Found a white marble altar of Elyvilon.
   153 | D        | Found a blossoming altar of Fedhas.
   153 | D        | Found an opulent altar of Gozag.
   154 | D        | Found a hazy altar of Hepliaklqana.
   155 | D        | Found a viscous altar of Jiyva.
   156 | D        | Found an ancient bone altar of Kikubaaqudgha.
   157 | D        | Found a corrupted altar of Lugonu.
   158 | D        | Found a burning altar of Makhleb.
   159 | D        | Found a sparkling altar of Nemelex Xobeh.
   160 | D        | Found an iron altar of Okawaru.
   161 | D        | Found a stormy altar of Qazlal.
   162 | D        | Found a sacrificial altar of Ru.
   163 | D        | Found a shimmering blue altar of Sif Muna.
   164 | D        | Found a bloodstained altar of Trog.
   165 | D        | Found a hide-covered altar of Uskayaw.
   166 | D        | Found a radiant altar of Vehumet.
   167 | D        | Found an ornate altar of the Wu Jian Council.
   168 | D        | Found a shimmering altar of Xom.
   170 | D        | Became a worshipper of Warmaster Okawaru
   172 | D        | Found a basalt altar of Yredelemnul.
   173 | D        | Found a glowing silver altar of Zin.
   174 | D        | Found a glowing golden altar of the Shining One.
   436 | D        | Noticed a centaur
   436 | D        | Noticed a sky beast
   436 | D        | Noticed a centaur
   438 | D        | Killed a centaur
   438 | D        | Reached skill level 5 in Long Blades
   438 | D        | Reached XP level 4. HP: 45/45 MP: 3/3
   441 | D        | Killed a sky beast
   441 | D        | Reached * piety under Okawaru
   441 | D        | Reached skill level 6 in Long Blades
   441 | D        | Reached skill level 1 in Dodging
   441 | D        | Reached XP level 5. HP: 53/53 MP: 4/4
   442 | D        | Killed a centaur
   442 | D        | Reached skill level 7 in Long Blades
   442 | D        | Reached XP level 6. HP: 61/61 MP: 5/5
   443 | D        | Reached skill level 8 in Long Blades
   555 | D        | Noticed a shadow
   555 | D        | Noticed an acid dragon
   555 | D        | Noticed a troll
   566 | D        | Killed a troll
   566 | D        | Reached ** piety under Okawaru
   566 | D        | Reached skill level 9 in Long Blades
   566 | D        | Reached skill level 10 in Armour
   566 | D        | Reached XP level 7. HP: 67/70 MP: 6/6
   569 | D        | Reached skill level 10 in Long Blades
   572 | D        | Reached skill level 10 in Shields
   575 | D        | Killed a shadow
   575 | D        | Reached *** piety under Okawaru
   575 | D        | Reached skill level 11 in Long Blades
   855 | D        | Gained mutation: Your system is resistant to poisons.
                  | (rPois) [potion of mutation]
   855 | D        | Gained mutation: You have a pair of large horns on your
                  | head. [potion of mutation]
   867 | D        | Noticed a basilisk
   867 | D        | Noticed a six-headed hydra
   874 | D        | Killed a one-headed hydra
   874 | D        | Reached **** piety under Okawaru
   874 | D        | Reached skill level 10 in Fighting
   874 | D        | Reached skill level 12 in Long Blades
   874 | D        | Reached XP level 8. HP: 41/81 MP: 7/7
   876 | D        | Reached skill level 13 in Long Blades
   876 | D        | Reached skill level 5 in Dodging
   876 | D        | Noticed a cane toad
   877 | D        | Noticed a rime drake
   884 | D        | Reached XP level 9. HP: 46/89 MP: 8/8
   900 | D        | Killed a cane toad
   900 | D        | Reached skill level 14 in Long Blades
   904 | D        | Killed a rime drake
   904 | D        | Reached ***** piety under Okawaru
  1155 | D        | Noticed a cane toad
  1155 | D        | Noticed a cane toad
  1155 | D        | Noticed a cane toad
  1165 | D        | Killed a cane toad
  1165 | D        | Reached skill level 15 in Long Blades
  1165 | D        | Reached skill level 1 in Evocations
  1171 | D        | Killed a cane toad
  1171 | D        | Received a gift from Okawaru
  1176 | D        | Killed a cane toad
  1176 | D        | Reached XP level 10. HP: 97/97 MP: 9/9
  1213 | D        | Reached skill level 16 in Long Blades
  1348 | D        | Noticed Eustachio
  1362 | D        | Killed Eustachio
  1382 | D        | Noticed Josephine
  1399 | D        | Killed Josephine
  1403 | D        | Reached skill level 17 in Long Blades
  1601 | D        | Noticed an ettin
  1613 | D        | Mangled by an ettin

Illustrated notes

Levels and vault maps discovered:
D:        linesprint [early_d, line_temple, items_1, d_10, items_2, lair_1,
          lair_end, items_3, orc_1, orc_end, items_4, d_15, swamp_1, shoals_1,
          snake_1, spider_1, d_20, vaults_1, items_5, swamp_end, shoals_end,
          snake_end, spider_end, vaults_end, d_27, items_6, zot_1, zot_end,
          crypt_end, forest_end, elf_end, slime_end, tomb_end, abyss_end,
          pan_hell_end]

Skill      XL: |  1  2  3  4  5  6  7  8  9 10 |
---------------+-------------------------------+-----
Fighting       | 4 5 6 7 8 9 10 11 12 13 | 13.2
Armour         | 4 5 7 8 10 11 12 13 14 | 14.5
Shields        | 4 5 6 7 8 9 11 12 13 | 13.9
Long Blades    | 3 5 6 7 9 12 13 15 17 | 17.1
Dodging        | 1 2 4 5 6 7 |  7.7
Evocations     | 1 |  1.9

Action                   |  1- 3 |  4- 6 |  7- 9 | 10-12 || total
-------------------------+-------+-------+-------+-------++-------
Melee: Long sword        |    34 |       |       |       ||    34
       Headbutt          |     7 |     6 |     8 |    18 ||    39
       Scimitar          |     1 |    16 |    50 |    75 ||   142
Evoke: Tin of tremorston |       |       |     2 |       ||     2
  Use: Potion            |       |     2 |     1 |       ||     3
Armor: Scale mail        |    12 |     7 |    16 |     8 ||    43
Dodge: Dodged            |    10 |     7 |     9 |    18 ||    44
Block: Kite shield       |    14 |    15 |    18 |    23 ||    70
       Rpst.: Long sword |     3 |       |       |       ||     3
       Scimitar          |       |     1 |     2 |     6 ||     9

Table legend: (Time is in decaauts)
 A = Elapsed time spent in this place.
 B = Non-inter-level travel time spent in this place.
 C = Inter-level travel time spent in this place.
 D = Time resting spent in this place.
 E = Time spent auto-exploring this place.
 F = Levels seen in this place.
 G = Mean time per level.
                   A        B        C        D        E       F      G
               +--------+--------+--------+--------+--------+-----+--------+
         Total |   1608 |   1608 |      0 |    963 |    103 |   1 | 1608.0 |
       Dungeon |   1608 |   1608 |      0 |    963 |    103 |   1 | 1608.0 |
               +--------+--------+--------+--------+--------+-----+--------+

Top non-repeatable levels by time:
       D: 1608 daAuts
